 Dungeon Crawl Stone Soup version 0.17-a0-764-gd40c196 (webtiles) character file.

310 ahoge the Cudgeler (level 6, 0/37 HPs)
             Began as a Gargoyle Berserker on Apr 23, 2015.
             Was a Priest of Trog.
             Slain by an iguana (10 damage)
             ... on level 4 of the Dungeon.
             The game lasted 00:13:40 (2633 turns).

ahoge the Cudgeler (Gargoyle Berserker)             Turns: 2633, Time: 00:13:41

Health: 0/37       AC: 13    Str: 21    XL:     6   Next: 41%
Magic:  6/6        EV: 11    Int: 10    God:    Trog [***...]
Gold:   158        SH:  0    Dex: 11    Spells: 0 memorised, 5 levels left

rFire  . . .     SeeInvis .     j - +0 whip
rCold  . . .     Clarity  .     d - +0 ring mail
rNeg   + . .     SustAb   .     (no shield)
rPois  ∞         Gourm    .     t - +0 helmet {Int+3}
rElec  +         Spirit   .     (no cloak)
rCorr  .         Warding  .     (no gloves)
rMut   .         Stasis   .     k - +1 pair of boots
MR     ++...                    (no amulet)
Stlth  ++........               (no ring)
                                g - ring of stealth

@: regenerating, very resistant to hostile enchantments, unstealthy
A: negative energy resistance 1, electricity resistance, unbreathing,
petrification resistance, rot immunity, AC +4
a: Burn Spellbooks, Berserk, Trog's Hand, Renounce Religion


You were on level 4 of the Dungeon.
You worshipped Trog.
Trog was most pleased with you.
You were not hungry.

You visited 1 branch of the dungeon, and saw 4 of its levels.

You collected 158 gold pieces.

Inventory:

Hand weapons
 a - a +0 mace
 j - a +0 whip (weapon)
Armour
 b - a +0 animal skin
 d - a +0 ring mail (worn)
 k - a +1 pair of boots (worn)
 t - a +0 helmet of intelligence (worn)
Jewellery
 g - a ring of stealth (left hand)
 i - an uncursed ring of poison resistance {unknown}
Magical devices
 v - a wand of paralysis (16)
Scrolls
 e - 5 scrolls of remove curse
 s - 2 scrolls of blinking
Potions
 f - a potion of heal wounds {unknown}
 h - a potion of curing
 m - 4 potions of agility {unknown}
 n - a potion of cancellation {unknown}
 p - a potion of brilliance {unknown}
 q - a potion of restore abilities {unknown}
 r - a potion of ambrosia {unknown}
Comestibles
 c - 4 bread rations
 l - a beef jerky
 o - a royal jelly
 u - a chunk of flesh
 z - a meat ration


   Skills:
 - Level 3.2 Fighting
 + Level 7.0 Maces & Flails
 - Level 2.1 Armour
 - Level 1.5 Dodging


You had 5 spell levels left.
You didn't know any spells.

Dungeon Overview and Level Annotations

Branches:
Dungeon (4/15)
 Temple: D:4-7

Altars:
Elyvilon
Vehumet
Xom


Innate Abilities, Weirdness & Mutations

You are resistant to torment.
Your stone body is resilient (AC +4).
You are immune to poison.
You resist negative energy.
You are resistant to electric shocks.
You can survive without breathing.
You are immune to petrification.
You are immune to rotting.


Message History

You hit the iguana but do no damage.
The iguana is moderately wounded.
The iguana barely misses you.
You hit the iguana but do no damage.
The iguana is moderately wounded.
The iguana barely misses you.
You barely miss the iguana.
The iguana is lightly wounded.
The iguana bites you but does no damage.
There is an open door here.
Use which ability? (? or * to list)
You can't do that.
Use which ability? (? or * to list)
Your skin crawls.
You feel resistant to hostile enchantments.
You feel slightly more hungry.
You hit the iguana but do no damage.
The iguana is lightly wounded.
The iguana bites you!
You die...

...........# #..
...........# #...)#
...........# #....#
...........# #....+
...........# #....#
...........# #....##+#
...........#######........
...........#.....#.........
...........'...[@#%........
...........#.....l.........
...÷.......##+####....#+##
......................#
......................+
...................>..#
..........<...........#
......................#
##....###+###+####....


You could see an iguana.

Vanquished Creatures
  The ghost of asdu the Gusty, an average TeAE (D:4)
  A hound (D:3)
  A worker ant (D:4)
  A shadow imp (D:3)
  3 adders
  An orc (D:3)
  5 giant cockroaches
  10 goblins
  7 hobgoblins
  7 jackals
  10 kobolds
  2 quokkas
  9 bats
  3 giant geckos
  8 giant newts
  5 rats
74 creatures vanquished.

Notes
Turn   | Place    | Note
--------------------------------------------------------------
     0 | D:1      | ahoge, the Gargoyle Berserker, began the quest for the Orb.
     0 | D:1      | Reached XP level 1. HP: 14/14 MP: 1/1
   135 | D:1      | Reached XP level 2. HP: 8/19 MP: 2/2
   267 | D:1      | Acquired Trog's second power
   285 | D:1      | Reached skill level 4 in Maces & Flails
   455 | D:1      | Reached XP level 3. HP: 18/23 MP: 3/3
  1118 | D:2      | Found a shimmering altar of Xom.
  1118 | D:2      | Found a radiant altar of Vehumet.
  1311 | D:2      | Reached XP level 4. HP: 28/28 MP: 4/4
  1621 | D:3      | Reached skill level 5 in Maces & Flails
  2083 | D:3      | Reached XP level 5. HP: 29/32 MP: 5/5
  2215 | D:3      | Found a white marble altar of Elyvilon.
  2480 | D:4      | Noticed asdu's ghost (average TeAE)
  2511 | D:4      | Killed asdu's ghost
  2511 | D:4      | Reached skill level 6 in Maces & Flails
  2511 | D:4      | Reached XP level 6. HP: 21/37 MP: 6/6
  2574 | D:4      | Reached skill level 7 in Maces & Flails
  2633 | D:4      | Slain by an iguana

Action                   |  1- 3 |  4- 6 || total
-------------------------+-------+-------++-------
Melee: Mace              |   158 |    76 ||   234
       Whip              |       |    60 ||    60
Invok: Trog's Hand       |       |     2 ||     2
       Berserk           |       |     1 ||     1
  Use: Scroll            |     5 |    10 ||    15
  Eat: Chunk             |     2 |     5 ||     7
